 Dungeon Crawl Stone Soup version 0.22.1-1-ga44c0e5 (webtiles) character file.

49 bnggit the Insei (level 3, 0/23 HPs)
             Began as an Octopode Transmuter on Sept 26, 2018.
             Slain by an adder (2 damage)
             ... on level 2 of the Dungeon.
             The game lasted 00:08:10 (1208 turns).

bnggit the Insei (Octopode Transmuter)              Turns: 1208, Time: 00:08:12

Health: 0/23       AC:  1    Str: 10    XL:     3   Next: 75%
Magic:  4/6        EV: 13    Int: 15    God:
Gold:   55         SH:  0    Dex: 12    Spells: 2/6 levels left

rFire    . . .     SeeInvis .   f - +2 short sword (venom)
rCold    + . .     Gourm    .   (no shield)
rNeg     . . .     Faith    .   (helmet restricted)
rPois    +         Spirit   .   (no amulet)
rElec    .         Reflect  .   b - ring of protection from cold
rCorr    .         Harm     .   e - ring of poison resistance
MR       .....                  (no ring)
Stlth    +++.......             (no ring)
HPRegen  0.07/turn              (no ring)
MPRegen  0.10/turn              (no ring)
                                (no ring)
                                (no ring)

@: lethally poisoned (0 -> -2)
A: almost no armour, stealthy swim, amphibious, 8 rings, constrict 8, camouflage
1, gelatinous body 1
a: no special abilities


You were on level 2 of the Dungeon.
You were not hungry.

You visited 1 branch of the dungeon, and saw 2 of its levels.

You collected 55 gold pieces.

Inventory:

Hand Weapons
 f - a +2 short sword of venom (weapon)
Missiles
 a - 12 arrows (quivered)
Jewellery
 b - a ring of protection from cold (left tentacle)
 e - a ring of poison resistance (right tentacle)
Comestibles
 c - a ration


   Skills:
 + Level 1.1 Fighting
 + Level 2.1 Dodging
 + Level 1.5 Stealth
 + Level 3.9 Unarmed Combat
 + Level 2.4 Spellcasting
 + Level 2.1 Transmutations


You had 2 spell levels left.
You knew the following spells:

 Your Spells              Type           Power        Failure   Level  Hunger
a - Beastly Appendage     Tmut           #.....       9%          1    #......
b - Spider Form           Tmut/Pois      #.........   38%         3    ###....

Your spell library contained the following spells:

 Spells                   Type           Power        Failure   Level  Hunger
 Sticks to Snakes         Tmut           #.......     14%         2    ###....
 Ice Form                 Ice/Tmut       #.......     80%         4    #####..
 Blade Hands              Tmut           #.........   94%         5    ######.


Dungeon Overview and Level Annotations

Branches:
Dungeon (2/15)

Altars:


Innate Abilities, Weirdness & Mutations

You cannot wear most types of armour.
You are very stealthy in the water. (Stealth+)
You are amphibious.
You can wear up to eight rings at the same time.
You can use your tentacles to constrict eight enemies at once.
Your skin changes colour to match your surroundings (Stealth+).
Your rubbery body absorbs attacks. (AC +1, EV +1)


Message History

You kill the goblin!
You barely miss the goblin. You grab the goblin. You constrict the goblin.
The goblin hits you but does no damage.
You puncture the goblin!
You kill the goblin!
You feel sick. The adder barely misses you.
You aren't carrying any potions.
You hit the adder. Your grab misses the adder.
The adder is lightly wounded.
The adder misses you. The adder barely misses you.
You miss the adder. Your grab misses the adder.
The adder is lightly wounded.
The adder misses you.
You barely miss the adder. Your grab misses the adder.
Your squeeze misses the adder.
The adder is lightly wounded.
The adder bites you.
* * * LOW HITPOINT WARNING * * *
The adder bites you.
You die...

.. #. #######
.. ....... .
..... .#
...##.##
#.....# ####<#
# ##@$..#
..###.##S)####
#....>†.)##
####.......#
........##.....
........# #####
........#
######... #.#.


You could see an adder.

Vanquished Creatures
  A gnoll (D:1)
  An adder (D:2)
  An ooze (D:1)
  A worm (D:2)
  A dart slug (D:2)
  4 bats (D:1)
  2 giant cockroaches (D:1)
  3 goblins
  A hobgoblin (D:2)
  A ball python (D:1)
  A frilled lizard (D:1)
  3 kobolds (D:1)
  A rat (D:1)
21 creatures vanquished.

Notes
Turn   | Place    | Note
-------+----------+-------------------------------------------
     0 | D:1      | bnggit the Octopode Transmuter began the quest for the Orb.
     0 | D:1      | Reached XP level 1. HP: 13/13 MP: 3/3
   158 | D:1      | Reached XP level 2. HP: 17/18 MP: 5/5
   277 | D:1      | Reached skill level 1 in Stealth
   277 | D:1      | Reached XP level 3. HP: 12/23 MP: 6/6
   283 | D:1      | Learned a level 3 spell: Spider Form
  1208 | D:2      | Slain by an adder

Skill      XL: |  1  2 |
---------------+-------+-----
Stealth        | 1 |  1.5
Fighting       | |  1.1
Dodging        | |  2.1
Unarmed Combat | |  3.9
Spellcasting   | |  2.4
Transmutations | |  2.1

Action                   || total
-------------------------++-------
Melee: Unarmed           ||    25
       Constrict         ||    13
       Tentacles         ||    11
       Short sword       ||    22
       Kick              ||     1
 Cast: Spider Form       ||     2
       Beastly Appendage ||     2
  Use: Scroll            ||     1
       Potion            ||     1
 Stab: Sleeping          ||     5
  Eat: Ration            ||     1
Armor: Skin              ||     4
Dodge: Dodged            ||    34
